Map: Ultralove

Players

FalconsSolar (Solar)

  • Race: Zerg Zerg
  • Spawn Location: 1:00

VITmaru (Maru) - Winner!

  • Race: Terran Terran
  • Spawn Location: 7:00

Event: DreamHack Dallas 2025

VOD

Have the link to the VOD?

Description

Time

  • Played on: May 25, 2025, 5:02 p.m.
  • Length: 9:56

All games in this series

Show
View Real Time Build Order
Export as new Build Order

FalconsSolar Zerg 

Build Orders: Hatch First 

Get SALT Encoding   

  12  0:00  Drone  
  13  0:07  Drone  
  14  0:14  Drone, Extractor  
  15  0:21  Overlord  
  15  0:40  Drone  
  16  0:45  Hatchery  
  16  0:48  Drone  
  16  0:52  Drone  
  16  0:55  Drone  
  18  1:06  Extractor  
  17  1:11  Spawning Pool  
  17  1:14  Drone  
  17  1:17  Drone  
  18  1:26  Drone  
  19  1:37  Drone  
  20  1:48  Drone  
  21  1:57  Queen x2  
  21  1:58  Zergling x4  
  28  2:08  Zergling x2  
  28  2:09  Overlord  
  28  2:11  Metabolic Boost  
  28  2:27  Hatchery  
  28  2:29  Drone  
  28  2:31  Drone  
  28  2:34  Drone  
  30  2:38  Drone  
  30  2:41  Overlord  
  31  2:50  Queen  
  33  2:54  Drone  
  33  2:57  Drone  
  35  2:59  Drone  
  35  3:02  Drone  
  37  3:06  Drone  
  37  3:07  Drone x2  
  37  3:10  Drone x2  
  41  3:15  Drone  
  41  3:16  Overlord  
  41  3:18  Drone  
  43  3:29  Overlord  
  43  3:33  Queen x2  
  47  3:40  Drone  
  47  3:41  Drone x2  
  50  3:43  Drone x2  
  50  3:44  Drone  
  50  3:46  Drone  
  54  3:51  Queen  
  54  3:54  Drone  
  57  3:56  Overlord  
  57  3:59  Drone  
  57  4:01  Drone x2  
  60  4:04  Drone x2  
  60  4:06  Drone  
  60  4:08  Zergling x2  
  64  4:12  Queen  
  66  4:18  Roach Warren  
  66  4:20  Drone  
  66  4:21  Drone  
  66  4:23  Drone x2  
  69  4:25  Zergling x2  
  69  4:29  Spore Crawler  
  69  4:30  Drone  
  69  4:31  Lair  
  70  4:32  Extractor  
  70  4:35  Drone x2, Spore Crawler  
  70  4:36  Drone  
  71  4:39  Drone x3  
  71  4:44  Evolution Chamber  
  71  4:45  Overlord  
  73  4:46  Evolution Chamber  
  73  4:48  Overlord  
  73  4:51  Drone x2  
  73  4:52  Extractor  
  73  4:53  Drone, Extractor  
  73  4:54  Drone  
  73  4:57  Spore Crawler  
  72  5:01  Drone  
  73  5:08  Zergling x6  
  73  5:09  Drone x2  
  73  5:11  Drone  
  79  5:15  Overlord  
  79  5:19  Extractor  
  79  5:20  Extractor  
  79  5:21  Drone x3  
  80  5:22  Drone x2, Hatchery  
  80  5:23  Drone  
  80  5:25  Zerg Ground Armor Level 1  
  80  5:28  Drone, Zerg Missile Weapons Level 1  
  82  5:30  Overseer  
  82  5:31  Overlord  
  82  5:33  Drone  
  84  5:37  Glial Reconstitution  
  84  5:39  Overlord  
  84  5:41  Drone x2  
  84  5:42  Drone  
  87  5:43  Drone  
  87  5:44  Drone  
  87  5:48  Infestation Pit  
  88  5:50  Roach x2  
  88  5:54  Roach x2  
  96  5:59  Overlord  
  96  6:01  Roach x3  
  96  6:03  Roach  
  104  6:05  Drone  
  104  6:07  Overlord  
  104  6:09  Overlord  
  105  6:21  Baneling Nest  
  105  6:22  Roach x5  
  105  6:25  Overlord x2  
  114  6:28  Hive  
  114  6:31  Drone  
  115  6:33  Drone  
  115  6:34  Drone x2  
  118  6:45  Roach x3  
  124  6:47  Drone x2  
  124  6:48  Drone x2  
  124  6:49  Roach x2  
  124  6:51  Drone x3  
  135  6:56  Zergling x4, Extractor  
  135  6:57  Extractor  
  135  7:01  Overlord  
  135  7:05  Zergling x4  
  135  7:06  Centrifugal Hooks  
  135  7:07  Drone  
  139  7:08  Zergling x2  
  139  7:11  Overlord x2  
  139  7:13  Overlord  
  139  7:15  Ravager x3  
  142  7:18  Drone  
  142  7:20  Zerg Ground Armor Level 2  
  142  7:22  Zerg Melee Weapons Level 1  
  143  7:23  Zergling x2, Hatchery  
  143  7:24  Zergling x10  
  143  7:26  Drone  
  149  7:30  Zergling x6  
  149  7:31  Zergling x4  
  149  7:35  Drone  
  149  7:36  Zergling x8  
  159  7:40  Viper x2  
  164  7:44  Zergling x2  
  164  7:47  Zergling x8  
  164  7:50  Drone, Zergling x2  
  164  7:51  Zergling x6  
  174  7:54  Overlord  
  174  7:57  Adrenal Glands  
  174  8:04  Zergling x4  
  174  8:05  Zergling x6, Baneling x2  
  179  8:06  Baneling x6  
  179  8:07  Drone  
  179  8:08  Drone  
  179  8:11  Drone x3  
  184  8:12  Ultralisk Cavern  
  184  8:15  Zergling x6  
  180  8:23  Drone  
  180  8:25  Overlord  
  180  8:26  Drone  
  178  8:27  Spore Crawler  
  178  8:29  Baneling x8  
  178  8:30  Drone  
  177  8:35  Zergling x18  
  177  8:37  Baneling x3  
  177  8:38  Zergling x2  
  177  8:39  Zergling x6  
  188  8:51  Zergling x14  
  188  8:53  Baneling x17  
  195  8:59  Zergling x6  
  195  9:04  Zergling x8  
  195  9:08  Zergling x6  
  197  9:12  Zergling x8  
  197  9:15  Overlord  
  169  9:27  Zergling x6  
  169  9:29  Zergling x2  
  169  9:30  Baneling x3  
  156  9:32  Zergling x4  
  156  9:34  Zergling x4  
  156  9:36  Zergling x6  
  156  9:37  Zergling x2  
  156  9:38  Zergling x2  
Show
View Real Time Build Order
Export as new Build Order

VITmaru Terran - Winner!

Build Orders: Command Center First 

Get SALT Encoding   

  12  0:00  SCV  
  13  0:12  SCV  
  14  0:18  Supply Depot  
  14  0:24  SCV  
  15  0:40  SCV  
  16  0:52  SCV  
  17  0:59  Command Center  
  17  1:04  SCV  
  18  1:07  Refinery  
  18  1:16  SCV  
  19  1:20  Barracks  
  19  1:28  SCV  
  20  1:40  SCV  
  21  1:52  SCV  
  22  2:07  Marine  
  23  2:08  Orbital Command  
  23  2:09  Factory  
  23  2:10  Orbital Command  
  23  2:25  Refinery  
  23  2:27  Barracks Reactor  
  23  2:34  SCV  
  23  2:36  SCV  
  25  2:45  Command Center  
  25  2:47  SCV  
  25  2:48  SCV  
  27  2:57  Hellion  
  29  2:59  SCV  
  29  3:00  SCV  
  31  3:06  Starport  
  31  3:11  SCV  
  31  3:12  SCV  
  33  3:13  Supply Depot  
  33  3:23  SCV  
  33  3:24  SCV  
  33  3:25  Supply Depot  
  35  3:29  Hellion  
  35  3:30  Barracks Tech Lab  
  37  3:35  Hellion, SCV  
  37  3:36  SCV  
  41  3:43  Starport Tech Lab  
  41  3:48  Engineering Bay, SCV  
  42  3:49  Engineering Bay  
  42  3:50  SCV  
  43  3:56  Stimpack, Marine  
  43  3:57  Orbital Command  
  43  4:02  Banshee  
  47  4:05  Hellion  
  47  4:08  SCV x2  
  51  4:16  Marine  
  52  4:20  Barracks, SCV  
  53  4:25  SCV x2  
  53  4:28  Barracks, Terran Infantry Weapons Level 1  
  55  4:32  SCV  
  55  4:34  Orbital Command, Barracks, Marine  
  57  4:39  Barracks  
  57  4:40  SCV  
  57  4:41  Factory Reactor, Terran Infantry Armor Level 1  
  57  4:44  SCV  
  59  4:48  Refinery  
  59  4:52  SCV  
  60  4:54  Starport Reactor  
  60  4:56  SCV  
  60  4:57  Supply Depot  
  60  4:59  Refinery  
  61  5:00  Marine  
  61  5:02  SCV  
  61  5:04  SCV  
  64  5:08  Supply Depot, SCV  
  64  5:12  Barracks Reactor  
  64  5:14  SCV  
  66  5:16  SCV  
  66  5:20  Supply Depot  
  66  5:21  SCV  
  68  5:25  Marine x2  
  68  5:26  SCV  
  72  5:28  SCV  
  72  5:29  Barracks Reactor  
  72  5:33  Barracks Reactor, SCV  
  72  5:34  Marine  
  74  5:35  Armory  
  74  5:38  SCV, Medivac x2  
  74  5:40  SCV  
  80  5:44  Supply Depot  
  80  5:45  SCV  
  80  5:47  Marine x2  
  80  5:49  Siege Tank  
  86  5:50  Marine x2, SCV  
  86  5:52  Marine  
  86  5:56  Supply Depot x2  
  90  5:57  Supply Depot  
  90  5:59  Combat Shield  
  90  6:00  SCV x2  
  92  6:05  SCV  
  93  6:12  SCV x2  
  93  6:13  Marine x6  
  93  6:17  Marine x2  
  103  6:22  Siege Tank  
  103  6:23  Barracks  
  103  6:25  Barracks  
  106  6:26  Barracks, Medivac  
  106  6:31  SCV x2  
  110  6:35  Terran Infantry Weapons Level 2  
  110  6:36  SCV  
  110  6:38  Refinery  
  110  6:39  Supply Depot, Marine x4  
  115  6:43  SCV  
  115  6:45  Marine  
  115  6:46  Marine  
  118  6:47  Terran Infantry Armor Level 2  
  118  6:50  Supply Depot  
  117  6:54  Marine x2  
  117  6:55  Marine  
  117  6:57  Marine  
  117  6:59  Refinery  
  117  7:00  Siege Tank  
  124  7:02  Supply Depot, Marine x2  
  124  7:07  Supply Depot  
  126  7:13  Marauder, Barracks Tech Lab  
  127  7:16  SCV x3  
  127  7:20  Marine x5, Barracks Tech Lab  
  127  7:21  Marine x2  
  127  7:22  Medivac  
  139  7:24  Medivac  
  141  7:30  Marine x4  
  141  7:34  Marauder  
  141  7:35  Siege Tank  
  150  7:38  Marine, Concussive Shells  
  150  7:39  Marauder  
  150  7:41  Marine x4  
  157  7:50  Supply Depot x3  
  157  7:52  Supply Depot  
  157  7:53  Marauder, Marine x2  
  157  7:56  Marauder  
  163  7:59  Medivac  
  163  8:03  Supply Depot  
  165  8:11  Marauder, Marine x5, Medivac  
  174  8:14  Marauder, Siege Tank  
  174  8:17  Marauder  
  174  8:18  Marine x3  
  179  8:23  Marine x2  
  179  8:30  Marine x5  
  179  8:33  Marauder  
  186  8:35  Marauder  
  186  8:36  Marine  
  186  8:39  Marauder  
  191  8:42  Marine  
  191  8:43  Marine x3  
  191  8:46  Siege Tank  
  191  8:48  Marine  
  199  8:54  Marine  
  199  8:55  Marauder  
  200  9:08  Command Center  
  194  9:18  Marine x2  
  194  9:19  Marauder x2  
  169  9:24  Marauder, Marine x3  
  169  9:25  Marine  
  169  9:26  Marine x3  
  169  9:28  Marine  
  150  9:36  Marine x2  
Tags
 
Add a new tag
Caveats
  • Supply blocks, unpowered buildings, or Contaminate may cause inaccurate times.
  • Supply counts are checked every 10 seconds.